 Dungeon Crawl Stone Soup version 0.22-a0-274-gf8199ec (webtiles) character file.

10119 tidbits the Thaumaturge (level 11, -21/81 HPs)
             Began as a Gnoll Ice Elementalist on Mar 14, 2018.
             Was an Elder of Cheibriados.
             Killed from afar by a merfolk aquamancer (54 damage)
             ... with a shard of ice
             ... on level 1 of the Shoals.
             The game lasted 00:34:23 (2789 turns).

tidbits the Thaumaturge (Gnoll Ice Elementalist)    Turns: 2789, Time: 00:34:24

Health: -21/81     AC:  9    Str: 19    XL:     11   Next: 57%
Magic:  23/23      EV: 19    Int: 29    God:    Cheibriados [****..]
Gold:   272        SH:  0    Dex: 26    Spells: 4/26 levels left

rFire    . . .     SeeInvis .   b - +0 whip (elec)
rCold    . . .     Gourm    .   (no shield)
rNeg     . . .     Faith    .   B - +3 leather armour {rPois}
rPois    +         Spirit   .   E - +0 helmet
rElec    .         Reflect  .   (no cloak)
rCorr    .         Harm     .   (no gloves)
MR       .....                  F - +0 pair of boots
Stlth    ++++......             L - amulet of magic regeneration
HPRegen  1.23/turn              (no ring)
MPRegen  0.43/turn              i - ring of poison resistance

@: very slightly contaminated, regenerating, very slow
A: distributed training, fangs 1, strong nose
a: Bend Time, Temporal Distortion, Slouch, Renounce Religion


You were on level 1 of the Shoals.
You worshipped Cheibriados.
Cheibriados was greatly pleased with you.
You were hungry.

You visited 3 branches of the dungeon, and saw 14 of its levels.

You collected 362 gold pieces.
You spent 90 gold pieces at shops.

Inventory:

Hand Weapons
 a - a +0 dagger
 b - a +0 whip of electrocution (weapon)
   (You took it off Pikel on level 8 of the Dungeon)
 l - a +0 shortbow
 q - a +0 hunting sling
 v - a +0 hand axe of venom
   (You took it off an orc on level 7 of the Dungeon)
 y - a +0 war axe
 K - a +0 shortbow
Missiles
 f - 177 arrows
 x - 27 sling bullets
 M - 8 tomahawks (quivered)
Armour
 k - a cursed +0 shield
 m - a +0 ring mail
 B - a +3 leather armour of poison resistance (worn)
   (You took it off an orc on level 9 of the Dungeon)
 E - a +0 helmet (worn)
 F - a +0 pair of boots (worn)
 H - a +4 scale mail of cold resistance
   (You found it on level 8 of the Dungeon)
Magical Staves
 s - an uncursed staff of summoning
   (You found it on level 6 of the Dungeon)
Jewellery
 e - an uncursed ring of flight
   (You found it on level 1 of the Dungeon)
 i - a ring of poison resistance (right hand)
   (You found it on level 6 of the Dungeon)
 n - an uncursed ring of teleportation
   (You found it on level 6 of the Dungeon)
 C - an uncursed amulet of the gourmand
   (You found it on level 7 of the Dungeon)
 L - an amulet of magic regeneration (around neck)
   (You found it on level 8 of the Dungeon)
 N - an uncursed amulet of faith {unknown}
   (You found it on level 8 of the Dungeon)
 X - an uncursed ring of fire
   (You found it on level 1 of the Lair of Beasts)
Wands
 d - a wand of digging (8)
 p - a wand of paralysis (13)
 w - a wand of enslavement (7)
 S - a wand of flame (47)
 Y - a wand of acid (9)
Scrolls
 g - 3 scrolls of fear
 h - 2 scrolls of immolation
 j - 3 scrolls of teleportation
 r - 2 scrolls of remove curse
 u - a scroll of blinking {unknown}
 D - a scroll of amnesia {unknown}
 I - a scroll of fog {unknown}
 J - a scroll of magic mapping {unknown}
 U - a scroll of holy word {unknown}
Potions
 o - a potion of might
 t - a potion of heal wounds {unknown}
 z - 4 potions of resistance {unknown}
 A - a potion of lignification
 G - a potion of berserk rage {unknown}
 O - a potion of mutation {unknown}
 Q - a potion of magic
 T - a potion of agility
 V - a potion of invisibility {unknown}
 Z - a potion of cancellation {unknown}
Comestibles
 c - 13 rations


   Skills:
 + Level 6.3 Fighting
 + Level 6.3 Short Blades
 + Level 6.3 Long Blades
 + Level 6.3 Axes
 + Level 6.3 Maces & Flails
 + Level 6.3 Polearms
 + Level 6.3 Staves
 + Level 6.3 Slings
 + Level 6.3 Bows
 + Level 6.3 Crossbows
 + Level 6.3 Throwing
 + Level 6.3 Armour
 + Level 7.9 Dodging
 + Level 7.6 Stealth
 + Level 6.3 Shields
 + Level 6.3 Unarmed Combat
 + Level 8.1 Spellcasting
 + Level 5.7 Conjurations
 + Level 5.2 Hexes
 + Level 5.2 Charms
 + Level 5.2 Summonings
 + Level 5.2 Necromancy
 + Level 5.2 Translocations
 + Level 5.2 Transmutations
 + Level 5.2 Fire Magic
 + Level 7.6 Ice Magic
 + Level 5.2 Air Magic
 + Level 5.2 Earth Magic
 + Level 5.2 Poison Magic
 + Level 6.9 Invocations
 + Level 6.3 Evocations


You had 4 spell levels left.
You knew the following spells:

 Your Spells              Type           Power        Failure   Level  Hunger
a - Freeze                Ice            ####         1%          1    None
c - Confuse               Hex            #####...     1%          3    None
i - Throw Icicle          Conj/Ice       ######..     3%          4    #......
j - Throw Frost           Conj/Ice       ######       1%          2    None
o - Ozocubu's Armour      Chrm/Ice       #####...     1%          3    None
r - Regeneration          Chrm/Necr      #####.....   1%          3    None
w - Spectral Weapon       Hex/Chrm       #####...     1%          3    None
y - Song of Slaying       Chrm           #####...     1%          2    None
A - Apportation           Tloc           #####.       1%          1    None


Dungeon Overview and Level Annotations

Branches:
Dungeon (10/15)            Temple (0/1) D:7            Lair (3/6) D:9
 Shoals (1/4) Lair:2        Snake (0/4) Lair:3
    Orc: D:9-12

Altars:
Cheibriados
Qazlal
Ru
Zin

Portals:
Ice
Cave: Lair:2

Annotations:
D:5 exclusion: ice beast, tidbits's ghost, novice GnIE


Innate Abilities, Weirdness & Mutations

Your experience applies equally to all skills.
You have very sharp teeth.
Your uncanny sense of smell can sniff out nearby items.


Message History

Press: ? - help, Shift-Dir - straight line, f/p - komodo dragon
Aim: a komodo dragon (moderately wounded, slow)
You freeze the komodo dragon.
The komodo dragon seems to slow down.
The komodo dragon is heavily wounded.
The komodo dragon bites you!
Casting: Freeze (safe; 1% risk of failure)
Confirm with . or Enter, or press ? or * to list all spells.
Aiming: Freeze (safe; 1% risk of failure)
Press: ? - help, Shift-Dir - straight line, f/p - komodo dragon
Aim: a komodo dragon (heavily wounded, slow)
You freeze the komodo dragon.
The komodo dragon seems to slow down.
The komodo dragon is severely wounded.
Casting: Freeze (safe; 1% risk of failure)
Confirm with . or Enter, or press ? or * to list all spells.
Aiming: Freeze (safe; 1% risk of failure)
Press: ? - help, Shift-Dir - straight line, f/p - komodo dragon
Aim: a komodo dragon (severely wounded, slow)
You freeze the komodo dragon.
The komodo dragon seems to slow down.
The komodo dragon is almost dead.
The komodo dragon bites you!
* * * LOW HITPOINT WARNING * * *
Casting: Freeze (safe; 1% risk of failure)
Confirm with . or Enter, or press ? or * to list all spells.
Aiming: Freeze (safe; 1% risk of failure)
Press: ? - help, Shift-Dir - straight line, f/p - komodo dragon
Aim: a komodo dragon (almost dead, slow)
You freeze the komodo dragon.
You kill the komodo dragon!
Cheibriados appreciates the change of pace.
Casting: Freeze (safe; 1% risk of failure)
Confirm with . or Enter, or press ? or * to list all spells.
Your skin crawls.
You see here a ration.
Casting: Regeneration (safe; 1% risk of failure)
Confirm with . or Enter, or press ? or * to list all spells.
Aiming: Apportation (safe; 1% risk of failure)
Press: ? - help, Dir - move target cursor Apport: 15 gold pieces Yoink!
You pull the items towards yourself.
c - 13 rations (gained 1)
You now have 272 gold pieces (gained 15).
You hear the quick crackling of a very distant melting archway.
You see here a spear.
Your skin is crawling a little less now.
Your skin stops crawling.
Your icy armour starts to melt.
Your icy armour evaporates.
A merfolk siren comes into view. It is wielding a trident of protection.
Casting: Apportation (safe; 1% risk of failure)
Confirm with . or Enter, or press ? or * to list all spells.
You miscast Regeneration.
You are very lightly contaminated with residual magic.
Nothing appears to happen.
Casting: Regeneration (safe; 1% risk of failure)
Confirm with . or Enter, or press ? or * to list all spells.
Your skin crawls.
You enter the shallow water.
Moving in this stuff is going to be slow.
You hear the loud crackling of a distant melting archway.
There is a staircase to the Shoals here.
Wield which item (- for none, * to show all)? (? for menu, Esc to quit)
You hear the crackle of electricity.
b - a +0 whip of electrocution (weapon)
Unknown command.
You climb downwards.
Welcome back to the Shoals!
This branch is very noisy, and so sound travels much less far.
This branch contains the barnacled rune of Zot.
The sea snake misses you. The water elemental barely misses you.
The sea snake bites you! The water elemental hits you.
A sea snake comes into view.
There is a staircase back to the Lair, spattered with blood here.
Unknown command.
The sea snake bites you but does no damage.
The merfolk aquamancer casts a spell at you.
The torrent of water hits you!
* * * LOW HITPOINT WARNING * * *
You stop ascending the stairs.
You are knocked back by the torrent of water.
The wave splashes down.
Splash!
You fall into the shallow water.
Moving in this stuff is going to be slow.
The water elemental hits you.
The water elemental engulfs you in water!
You hear a shout!
Unknown command.
Unknown command.
Okay, then.
You cannot read scrolls while unable to breathe!
Unknown command.
Okay, then.
Unknown command.
With effort, you pull free of the water engulfing you.
You gasp with relief as air once again reaches your lungs.
The sea snake bites you but does no damage.
The manticore bites the plant!!
The manticore claws the plant. x2
The merfolk aquamancer points at you and mumbles some strange words.
The shard of ice hits you!
Ouch! That really hurt!
You die...

≈≈≈≈≈≈≈≈≈≈≈≈≈≈≈
≈≈≈≈.≈≈≈≈≈≈≈≈≈≈≈
≈≈≈.......≈.≈≈≈≈≈
..≈....#....≈≈≈≈≈
..≈........≈≈≈≈≈≈
.P≈≈.......≈≈≈≈≈≈
.............≈≈≈≈
.......≈@....≈≈≈
..#..E≈SS##.≈≈≈
##≈<≈..# ≈
#≈##......


Pm# #....... P.)H .....≈.. ..... #....≈≈. ....P #..≈.≈≈≈ ...P ......≈ You could
see 2 sea snakes, a merfolk aquamancer, a manticore and a water elemental.

Vanquished Creatures
  A hydra (Lair:1)
  A two-headed ogre (D:9)
  A sea snake (Lair:2)
  Pikel (D:8)
  An ugly thing (D:9)
  A black mamba (Lair:2)
  Joseph (Lair:1)
  6 spiny frogs
  A rime drake (Lair:1)
  2 komodo dragons
  A merfolk (Lair:2)
  A blink frog (Lair:3)
  2 hippogriffs
  A wyvern (Lair:2)
  A wraith (D:7)
  3 yaks (Lair:1)
  A basilisk (Lair:2)
  Grum (D:8)
  2 water moccasins (Lair:2)
  2 porcupines
  An orc warrior (D:7)
  A sky beast (D:7)
  A slave (D:8)
  An eye of draining (D:8)
  A phantom (D:6)
  5 wolves
  3 centaurs
  2 crocodiles
  A big kobold (D:9)
  3 bullfrogs
  A scorpion (D:9)
  A howler monkey (D:8)
  An electric eel (Lair:1)
  3 crimson imps
  2 centaur skeletons
  A quasit (D:9)
  A centaur zombie (D:8)
  4 hounds
  A jelly (D:9)
  2 orc priests (D:6)
  2 orc wizards
  3 worker ants
  A hound zombie (D:7)
  A hound skeleton (D:6)
  3 adders
  4 gnolls (D:7)
  An adder zombie (D:9)
  A leopard gecko (D:7)
  21 orcs
  A giant cockroach (D:5)
  3 hobgoblins
  4 jackals (D:7)
  4 quokkas
  5 bats
  A jackal skeleton (D:6)
  A jackal zombie (D:8)
  7 kobolds
  4 rats
  A fungus (Lair:1)
135 creatures vanquished.

Vanquished Creatures (collateral kills)
  An elephant (D:9)
  A merfolk (Shoals:1)
  An ogre (D:9)
  A centaur (D:9)
4 creatures vanquished.

Vanquished Creatures (others)
  A merfolk (Shoals:1)
  A hippogriff (D:9)
  A crocodile (D:9)
  A water moccasin (Lair:1)
  5 toadstools (D:1)
9 creatures vanquished.

Grand Total: 148 creatures vanquished

Notes
Turn   | Place    | Note
-------+----------+-------------------------------------------
     0 | D:1      | tidbits the Gnoll Ice Elementalist began the quest for the Orb.
     0 | D:1      | Reached XP level 1. HP: 13/13 MP: 6/6
   117 | D:1      | Found a snail-covered altar of Cheibriados.
   118 | D:1      | Reached skill level 2 in Conjurations
   128 | D:1      | Reached XP level 2. HP: 19/19 MP: 2/7
   132 | D:1      | Learned a level 2 spell: Throw Frost
   139 | D:1      | Became a worshipper of Cheibriados the Contemplative
   151 | D:2      | Found a sacrificial altar of Ru.
   297 | D:3      | Found a faded altar of an unknown god.
   465 | D:5      | Entered Level 5 of the Dungeon
   473 | D:5      | Noticed an ice beast
   523 | D:5      | Reached XP level 3. HP: 23/25 MP: 0/9
   528 | D:5      | Learned a level 3 spell: Ozocubu's Armour
   556 | D:5      | Reached skill level 5 in Spellcasting
   558 | D:5      | Noticed tidbits's ghost (novice GnIE)
   566 | D:6      | Noticed a phantom
   596 | D:7      | HP: 1/25 [orc/club (7)]
   610 | D:7      | Reached skill level 1 in Invocations
   612 | D:7      | Noticed a bullfrog
   630 | D:7      | Killed a bullfrog
   630 | D:7      | Reached skill level 1 in Fighting
   630 | D:7      | Reached skill level 1 in Short Blades
   630 | D:7      | Reached skill level 1 in Long Blades
   630 | D:7      | Reached skill level 1 in Axes
   630 | D:7      | Reached skill level 1 in Maces & Flails
   630 | D:7      | Reached skill level 1 in Polearms
   630 | D:7      | Reached skill level 1 in Staves
   630 | D:7      | Reached skill level 1 in Slings
   630 | D:7      | Reached skill level 1 in Bows
   630 | D:7      | Reached skill level 1 in Crossbows
   630 | D:7      | Reached skill level 1 in Throwing
   630 | D:7      | Reached skill level 1 in Armour
   630 | D:7      | Reached skill level 1 in Shields
   630 | D:7      | Reached skill level 1 in Unarmed Combat
   630 | D:7      | Reached skill level 1 in Hexes
   630 | D:7      | Reached skill level 1 in Charms
   630 | D:7      | Reached skill level 1 in Summonings
   630 | D:7      | Reached skill level 1 in Necromancy
   630 | D:7      | Reached skill level 1 in Translocations
   630 | D:7      | Reached skill level 1 in Transmutations
   630 | D:7      | Reached skill level 1 in Fire Magic
   630 | D:7      | Reached skill level 1 in Air Magic
   630 | D:7      | Reached skill level 1 in Earth Magic
   630 | D:7      | Reached skill level 1 in Poison Magic
   630 | D:7      | Reached skill level 1 in Evocations
   630 | D:7      | Reached XP level 4. HP: 19/32 MP: 2/11
   636 | D:7      | Learned a level 4 spell: Throw Icicle
   701 | D:6      | Reached XP level 5. HP: 23/37 MP: 12/12
   708 | D:6      | Killed a phantom
   708 | D:6      | Reached * piety under Cheibriados
   736 | D:6      | Noticed a centaur
   738 | D:6      | Reached skill level 2 in Invocations
   738 | D:6      | Reached XP level 6. HP: 27/44 MP: 8/13
   743 | D:6      | Reached skill level 2 in Fighting
   743 | D:6      | Reached skill level 2 in Short Blades
   743 | D:6      | Reached skill level 2 in Long Blades
   743 | D:6      | Reached skill level 2 in Axes
   743 | D:6      | Reached skill level 2 in Maces & Flails
   743 | D:6      | Reached skill level 2 in Polearms
   743 | D:6      | Reached skill level 2 in Staves
   743 | D:6      | Reached skill level 2 in Slings
   743 | D:6      | Reached skill level 2 in Bows
   743 | D:6      | Reached skill level 2 in Crossbows
   743 | D:6      | Reached skill level 2 in Throwing
   743 | D:6      | Reached skill level 2 in Armour
   743 | D:6      | Reached skill level 5 in Dodging
   743 | D:6      | Reached skill level 2 in Shields
   743 | D:6      | Reached skill level 2 in Unarmed Combat
   743 | D:6      | Reached skill level 2 in Evocations
   917 | D:8      | Noticed a death knight
   917 | D:8      | Noticed a wraith
   917 | D:8      | Noticed a phantasmal warrior
   917 | D:8      | Noticed a wraith
   923 | D:7      | Killed a wraith
   923 | D:7      | Reached XP level 7. HP: 22/51 MP: 10/15
   960 | D:7      | Found Zin's Purification Station.
   965 | D:7      | Found a glowing silver altar of Zin.
   968 | D:7      | Bought a potion of curing for 90 gold pieces
   971 | D:7      | Reached skill level 2 in Hexes
   971 | D:7      | Reached skill level 2 in Charms
   971 | D:7      | Reached skill level 2 in Summonings
   971 | D:7      | Reached skill level 2 in Necromancy
   971 | D:7      | Reached skill level 2 in Translocations
   971 | D:7      | Reached skill level 2 in Transmutations
   971 | D:7      | Reached skill level 2 in Fire Magic
   971 | D:7      | Reached skill level 2 in Air Magic
   971 | D:7      | Reached skill level 2 in Earth Magic
   971 | D:7      | Reached skill level 2 in Poison Magic
  1005 | D:7      | Found a stormy altar of Qazlal.
  1030 | D:7      | Reached skill level 3 in Conjurations
  1035 | D:7      | Reached ** piety under Cheibriados
  1052 | D:7      | Found a staircase to the Ecumenical Temple.
  1121 | D:7      | Reached skill level 5 in Stealth
  1121 | D:7      | Reached skill level 3 in Invocations
  1164 | D:7      | Reached skill level 6 in Ice Magic
  1164 | D:7      | Reached XP level 8. HP: 18/57 MP: 5/16
  1175 | D:7      | Learned a level 1 spell: Apportation
  1225 | D:8      | Reached skill level 3 in Fighting
  1225 | D:8      | Reached skill level 3 in Short Blades
  1225 | D:8      | Reached skill level 3 in Long Blades
  1225 | D:8      | Reached skill level 3 in Axes
  1225 | D:8      | Reached skill level 3 in Maces & Flails
  1225 | D:8      | Reached skill level 3 in Polearms
  1225 | D:8      | Reached skill level 3 in Staves
  1225 | D:8      | Reached skill level 3 in Slings
  1225 | D:8      | Reached skill level 3 in Bows
  1225 | D:8      | Reached skill level 3 in Crossbows
  1225 | D:8      | Reached skill level 3 in Throwing
  1225 | D:8      | Reached skill level 3 in Armour
  1225 | D:8      | Reached skill level 3 in Shields
  1225 | D:8      | Reached skill level 3 in Unarmed Combat
  1225 | D:8      | Reached skill level 3 in Evocations
  1339 | D:8      | Reached skill level 6 in Spellcasting
  1520 | D:8      | Noticed Grum
  1522 | D:8      | Noticed a hippogriff
  1528 | D:8      | Killed Grum
  1531 | D:8      | Reached skill level 3 in Hexes
  1531 | D:8      | Reached skill level 3 in Charms
  1531 | D:8      | Reached skill level 3 in Summonings
  1531 | D:8      | Reached skill level 3 in Necromancy
  1531 | D:8      | Reached skill level 3 in Translocations
  1531 | D:8      | Reached skill level 3 in Transmutations
  1531 | D:8      | Reached skill level 3 in Fire Magic
  1531 | D:8      | Reached skill level 3 in Air Magic
  1531 | D:8      | Reached skill level 3 in Earth Magic
  1531 | D:8      | Reached skill level 3 in Poison Magic
  1531 | D:8      | Reached skill level 4 in Invocations
  1536 | D:8      | Reached skill level 6 in Dodging
  1536 | D:8      | Reached XP level 9. HP: 59/65 MP: 11/18
  1598 | D:8      | Noticed Pikel
  1624 | D:8      | Killed Pikel
  1624 | D:8      | Reached skill level 4 in Fighting
  1624 | D:8      | Reached skill level 4 in Short Blades
  1624 | D:8      | Reached skill level 4 in Long Blades
  1624 | D:8      | Reached skill level 4 in Axes
  1624 | D:8      | Reached skill level 4 in Maces & Flails
  1624 | D:8      | Reached skill level 4 in Polearms
  1624 | D:8      | Reached skill level 4 in Staves
  1624 | D:8      | Reached skill level 4 in Slings
  1624 | D:8      | Reached skill level 4 in Bows
  1624 | D:8      | Reached skill level 4 in Crossbows
  1624 | D:8      | Reached skill level 4 in Throwing
  1624 | D:8      | Reached skill level 4 in Armour
  1624 | D:8      | Reached skill level 6 in Stealth
  1624 | D:8      | Reached skill level 4 in Shields
  1624 | D:8      | Reached skill level 4 in Unarmed Combat
  1624 | D:8      | Reached skill level 4 in Conjurations
  1624 | D:8      | Reached skill level 4 in Evocations
  1688 | D:9      | Reached *** piety under Cheibriados
  1881 | D:9      | Noticed a two-headed ogre
  1891 | D:9      | Killed a two-headed ogre
  1891 | D:9      | Reached skill level 5 in Invocations
  1891 | D:9      | Reached XP level 10. HP: 55/73 MP: 0/20
  1907 | D:9      | Reached skill level 7 in Spellcasting
  1913 | D:9      | Found a staircase to the Lair.
  1913 | D:9      | Noticed an elephant
  1930 | D:9      | Learned a level 3 spell: Confuse
  1931 | D:10     | Entered Level 10 of the Dungeon
  2015 | D:9      | Reached skill level 4 in Hexes
  2015 | D:9      | Reached skill level 4 in Charms
  2015 | D:9      | Reached skill level 4 in Summonings
  2015 | D:9      | Reached skill level 4 in Necromancy
  2015 | D:9      | Reached skill level 4 in Translocations
  2015 | D:9      | Reached skill level 4 in Transmutations
  2015 | D:9      | Reached skill level 4 in Fire Magic
  2015 | D:9      | Reached skill level 4 in Air Magic
  2015 | D:9      | Reached skill level 4 in Earth Magic
  2015 | D:9      | Reached skill level 4 in Poison Magic
  2113 | D:9      | Noticed a green ugly thing
  2115 | D:9      | Killed an elephant
  2115 | D:9      | Reached **** piety under Cheibriados
  2124 | D:9      | Killed a green ugly thing
  2124 | D:9      | Reached skill level 5 in Fighting
  2124 | D:9      | Reached skill level 5 in Short Blades
  2124 | D:9      | Reached skill level 5 in Long Blades
  2124 | D:9      | Reached skill level 5 in Axes
  2124 | D:9      | Reached skill level 5 in Maces & Flails
  2124 | D:9      | Reached skill level 5 in Polearms
  2124 | D:9      | Reached skill level 5 in Staves
  2124 | D:9      | Reached skill level 5 in Slings
  2124 | D:9      | Reached skill level 5 in Bows
  2124 | D:9      | Reached skill level 5 in Crossbows
  2124 | D:9      | Reached skill level 5 in Throwing
  2124 | D:9      | Reached skill level 5 in Armour
  2124 | D:9      | Reached skill level 5 in Shields
  2124 | D:9      | Reached skill level 5 in Unarmed Combat
  2124 | D:9      | Reached skill level 5 in Evocations
  2137 | Lair:1   | Entered Level 1 of the Lair of Beasts
  2150 | Lair:1   | Noticed a spiny frog
  2154 | Lair:1   | Killed a spiny frog
  2154 | Lair:1   | Reached skill level 7 in Ice Magic
  2169 | Lair:1   | Noticed a spiny frog
  2173 | Lair:1   | Killed a spiny frog
  2173 | Lair:1   | Reached skill level 7 in Dodging
  2276 | Lair:1   | Reached skill level 5 in Conjurations
  2368 | Lair:2   | Found a frozen archway.
  2373 | Lair:2   | Noticed a black mamba
  2377 | Lair:2   | Killed a black mamba
  2377 | Lair:2   | Reached skill level 6 in Invocations
  2381 | Lair:2   | Noticed a spiny frog
  2384 | Lair:2   | Noticed a spiny frog
  2390 | Lair:2   | Killed a spiny frog
  2390 | Lair:2   | Reached skill level 7 in Stealth
  2392 | Lair:2   | Killed a spiny frog
  2399 | Lair:3   | Found a staircase to the Snake Pit.
  2409 | Lair:3   | Learned a level 3 spell: Regeneration
  2419 | Lair:2   | Noticed a spiny frog
  2434 | Lair:2   | Killed a spiny frog
  2440 | Lair:2   | Reached XP level 11. HP: 47/81 MP: 5/22
  2488 | Lair:2   | Learned a level 2 spell: Song of Slaying
  2492 | Lair:2   | Learned a level 3 spell: Spectral Weapon
  2601 | Lair:2   | Found a staircase to the Shoals.
  2607 | Shoals:1 | Entered Level 1 of the Shoals
  2607 | Shoals:1 | Noticed a sea snake
  2612 | Shoals:1 | Noticed a manticore
  2612 | Shoals:1 | Noticed a merfolk aquamancer
  2619 | Shoals:1 | Noticed a manticore
  2621 | Shoals:1 | Noticed a sea snake
  2625 | Lair:2   | Killed a sea snake
  2625 | Lair:2   | Reached skill level 6 in Fighting
  2625 | Lair:2   | Reached skill level 6 in Short Blades
  2625 | Lair:2   | Reached skill level 6 in Long Blades
  2625 | Lair:2   | Reached skill level 6 in Axes
  2625 | Lair:2   | Reached skill level 6 in Maces & Flails
  2625 | Lair:2   | Reached skill level 6 in Polearms
  2625 | Lair:2   | Reached skill level 6 in Staves
  2625 | Lair:2   | Reached skill level 6 in Slings
  2625 | Lair:2   | Reached skill level 6 in Bows
  2625 | Lair:2   | Reached skill level 6 in Crossbows
  2625 | Lair:2   | Reached skill level 6 in Throwing
  2625 | Lair:2   | Reached skill level 6 in Armour
  2625 | Lair:2   | Reached skill level 6 in Shields
  2625 | Lair:2   | Reached skill level 6 in Unarmed Combat
  2625 | Lair:2   | Reached skill level 5 in Hexes
  2625 | Lair:2   | Reached skill level 5 in Charms
  2625 | Lair:2   | Reached skill level 5 in Summonings
  2625 | Lair:2   | Reached skill level 5 in Necromancy
  2625 | Lair:2   | Reached skill level 5 in Translocations
  2625 | Lair:2   | Reached skill level 5 in Transmutations
  2625 | Lair:2   | Reached skill level 5 in Fire Magic
  2625 | Lair:2   | Reached skill level 5 in Air Magic
  2625 | Lair:2   | Reached skill level 5 in Earth Magic
  2625 | Lair:2   | Reached skill level 5 in Poison Magic
  2625 | Lair:2   | Reached skill level 6 in Evocations
  2660 | Lair:1   | Noticed a six-headed hydra
  2662 | Lair:1   | Killed a six-headed hydra
  2662 | Lair:1   | Reached skill level 8 in Spellcasting
  2699 | Lair:1   | Noticed Joseph
  2708 | Lair:1   | Killed Joseph
  2788 | Shoals:1 | Noticed a sea snake
  2789 | Shoals:1 | Killed from afar by a merfolk aquamancer

Vault maps used:
D:1:      ldierk_walled_garden, cheibriados_altar_1
D:2:      nicolae_ru_path_of_blood, minmay_close_crescents, uniq_natasha
D:3:      cheibrodos_thug_alley, chequers_ecumenical_altar_simple_redux,
          first_ration
D:4:      nicolae_gozag_seed_capital, yredelemnul_altar_generic,
          kennysheep_okawaru_gauntlet
D:5:      elyvilon_altar_5
D:6:      cheibrodos_ashenzari_chains
D:7:      minitemple, zin_purify, minmay_temple_entry_overgrown
D:8:      uniq_pikel, uniq_grum
D:9:      david_lair_generic
D:10:     david_orc_5
Lair:1:   minmay_lair_oklob_items, infiniplex_staircase_pool, uniq_joseph
Lair:2:   minmay_shoals_entry_lonely_mermaid, portal_ice_cave_entry_pillars_1,
          grunt_megastairs_5, lemuel_fruit_tree
Lair:3:   dummy_snake_entry, fungi_pond_lemuel
Shoals:1: serial_shops, nicolae_shop_behind_doors

Skill      XL: |  1  2  3  4  5  6  7  8  9 10 11 |
---------------+----------------------------------+-----
Conjurations   | 2 3 4 5 |  5.7
Spellcasting   | 5 6 7 8 |  8.1
Invocations    | 1 2 3 4 5 6 |  6.9
Fighting       | 1 2 3 4 5 6 |  6.3
Short Blades   | 1 2 3 4 5 6 |  6.3
Long Blades    | 1 2 3 4 5 6 |  6.3
Axes           | 1 2 3 4 5 6 |  6.3
Maces & Flails | 1 2 3 4 5 6 |  6.3
Polearms       | 1 2 3 4 5 6 |  6.3
Staves         | 1 2 3 4 5 6 |  6.3
Slings         | 1 2 3 4 5 6 |  6.3
Bows           | 1 2 3 4 5 6 |  6.3
Crossbows      | 1 2 3 4 5 6 |  6.3
Throwing       | 1 2 3 4 5 6 |  6.3
Armour         | 1 2 3 4 5 6 |  6.3
Shields        | 1 2 3 4 5 6 |  6.3
Unarmed Combat | 1 2 3 4 5 6 |  6.3
Hexes          | 1 2 3 4 5 |  5.2
Charms         | 1 2 3 4 5 |  5.2
Summonings     | 1 2 3 4 5 |  5.2
Necromancy     | 1 2 3 4 5 |  5.2
Translocations | 1 2 3 4 5 |  5.2
Transmutations | 1 2 3 4 5 |  5.2
Fire Magic     | 1 2 3 4 5 |  5.2
Air Magic      | 1 2 3 4 5 |  5.2
Earth Magic    | 1 2 3 4 5 |  5.2
Poison Magic   | 1 2 3 4 5 |  5.2
Evocations     | 1 2 3 4 5 6 |  6.3
Dodging        | 5 6 7 |  7.9
Stealth        | 5 6 7 |  7.6
Ice Magic      | 6 7 |  7.6

Action                   |  1- 3 |  4- 6 |  7- 9 | 10-12 || total
-------------------------+-------+-------+-------+-------++-------
Melee: Dagger            |    11 |       |     7 |     7 ||    25
       Unarmed           |    16 |       |       |       ||    16
       Short sword       |     8 |    51 |    11 |       ||    70
       Bite              |     4 |    10 |    16 |    10 ||    40
       Punch             |     1 |     1 |     3 |     1 ||     6
       War axe           |       |       |    64 |    17 ||    81
       Whip              |       |       |     5 |     7 ||    12
       Hand axe          |       |       |       |     8 ||     8
Throw: Stone             |       |     1 |       |       ||     1
 Cast: Freeze            |    30 |    12 |    70 |    65 ||   177
       Throw Frost       |     1 |     4 |    22 |    13 ||    40
       Ozocubu's Armour  |     1 |     4 |    10 |     9 ||    24
       Throw Icicle      |       |     3 |     4 |    22 ||    29
       Apportation       |       |       |     6 |    28 ||    34
       Regeneration      |       |       |       |     9 ||     9
Invok: Slouch            |       |       |       |     2 ||     2
Evoke: Wand              |       |     3 |     3 |    10 ||    16
  Use: Potion            |     3 |     1 |     1 |       ||     5
       Scroll            |       |     4 |     4 |     3 ||    11
 Stab: Sleeping          |     2 |     1 |     6 |     6 ||    15
       Paralysed         |       |       |       |     2 ||     2
  Eat: Chunk             |       |     1 |     1 |     3 ||     5
Armor: Robe              |     3 |    26 |    44 |       ||    73
       Skin              |    14 |       |       |       ||    14
       Leather armour    |       |       |     8 |    35 ||    43
Dodge: Dodged            |    38 |    48 |   154 |   100 ||   340
       Rpst.: Falchion   |       |       |     1 |       ||     1

Table legend:
 A = Spawn XP
 B = Non-spawn XP
 C = Spawn XP percentage of total XP
 D = Spawn monster count
 E = Non-spawn monster count
 F = Spawn count percentage of total count
 G = Total turns spent on level
                    A         B        C        D         E        F      G
               +---------+---------+-------+---------+---------+-------+---------
         Total |       0 |   14457 |   0.0 |       0 |     137 |   0.0 |  2789
               +---------+---------+-------+---------+---------+-------+---------
           D:1 |       0 |      13 |   0.0 |       0 |      10 |   0.0 |   164
           D:2 |       0 |       2 |   0.0 |       0 |       1 |   0.0 |    95
           D:3 |       0 |       8 |   0.0 |       0 |       5 |   0.0 |   113
           D:5 |       0 |      24 |   0.0 |       0 |       5 |   0.0 |    90
           D:6 |       0 |     388 |   0.0 |       0 |      12 |   0.0 |   228
           D:7 |       0 |     843 |   0.0 |       0 |      29 |   0.0 |   426
           D:8 |       0 |    2156 |   0.0 |       0 |      19 |   0.0 |   466
           D:9 |       0 |    2327 |   0.0 |       0 |      26 |   0.0 |   442
        Lair:1 |       0 |    4221 |   0.0 |       0 |      14 |   0.0 |   289
        Lair:2 |       0 |    4058 |   0.0 |       0 |      14 |   0.0 |   317
        Lair:3 |       0 |     264 |   0.0 |       0 |       1 |   0.0 |    30
      Shoals:1 |       0 |     153 |   0.0 |       0 |       1 |   0.0 |    16
               +---------+---------+-------+---------+---------+-------+---------

Table legend:
 A = Turns spent in this place as a percentage of turns spent in the entire game.
 B = Non-inter-level travel turns spent in this place as a percentage of non-inter-level travel turns spent in the entire game.
 C = Inter-level travel turns spent in this place as a percentage of turns spent in this place.
 D = Turns resting spent in this place as a percentage of non-inter-level travel turns spent in this place.
 E = Turns spent auto-exploring this place as a percentage of non-inter-level travel turns spent in this place.
 F = Non-inter-level travel turns spent in this place divided by the number of levels of this place that you've seen.
                   A       B       C       D       E      F
               +-------+-------+-------+-------+-------+----------------------
         Total | 100.0 | 100.0 |   0.0 |   0.0 |   0.0 | 199.2
       Dungeon |  76.6 |  76.6 |   0.0 |   0.0 |   0.0 | 213.7
          Lair |  22.8 |  22.8 |   0.0 |   0.0 |   0.0 | 212.0
        Shoals |   0.6 |   0.6 |   0.0 |   0.0 |   0.0 |  16.0
               +-------+-------+-------+-------+-------+----------------------

Table legend:
 A = Kills in this place as a percentage of kills in entire the game.
 B = Kills by you in this place as a percentage of kills by you in the entire game.
 C = Kills by friends in this place as a percentage of kills by friends in the entire game.
 D = Other kills in this place as a percentage of other kills in the entire game.
 E = Experience gained in this place as a percentage of experience gained in the entire game.
 F = Experience gained in this place divided by the number of levels of this place that you have seen.
                   A       B       C       D       E      F
               +-------+-------+-------+-------+-------+----------------------
         Total | 100.0 | 100.0 | 100.0 |   N/A | 100.0 | 1032.6
       Dungeon |  78.1 |  78.2 |  75.0 |   N/A |  39.8 | 576.1
          Lair |  21.2 |  21.8 |   0.0 |   N/A |  59.1 | 2847.7
        Shoals |   0.7 |   0.0 |  25.0 |   N/A |   1.1 | 153.0
               +-------+-------+-------+-------+-------+----------------------

Vault maps used:
D:1:      ldierk_walled_garden, cheibriados_altar_1
D:2:      nicolae_ru_path_of_blood, minmay_close_crescents, uniq_natasha
D:3:      cheibrodos_thug_alley, chequers_ecumenical_altar_simple_redux,
          first_ration
D:4:      nicolae_gozag_seed_capital, yredelemnul_altar_generic,
          kennysheep_okawaru_gauntlet
D:5:      elyvilon_altar_5
D:6:      cheibrodos_ashenzari_chains
D:7:      minitemple, zin_purify, minmay_temple_entry_overgrown
D:8:      uniq_pikel, uniq_grum
D:9:      david_lair_generic
D:10:     david_orc_5
Lair:1:   minmay_lair_oklob_items, infiniplex_staircase_pool, uniq_joseph
Lair:2:   minmay_shoals_entry_lonely_mermaid, portal_ice_cave_entry_pillars_1,
          grunt_megastairs_5, lemuel_fruit_tree
Lair:3:   dummy_snake_entry, fungi_pond_lemuel
Shoals:1: serial_shops, nicolae_shop_behind_doors
